Map: Neon Violet Square LE

Players

Dessa - Winner!

  • Race: Zerg Zerg
  • League: Diamond
  • Spawn Location: 5:00

Ardox

  • Race: Zerg Zerg
  • League: Diamond
  • Spawn Location: 11:00

VOD

Have the link to the VOD?

Description

Time

  • Played on: Jan. 16, 2018, 3:57 p.m.
  • Length: 17:31
Show
View Real Time Build Order
Export as new Build Order

Dessa Zerg - Winner!

Build Orders: Hatch First 

Get SALT Encoding   

  12  0:01  Drone  
  13  0:13  Overlord  
  13  0:18  Drone  
  14  0:31  Drone  
  14  0:32  Drone  
  16  0:36  Drone  
  17  0:54  Hatchery  
  17  0:56  Drone  
  17  1:02  Extractor  
  17  1:03  Drone  
  17  1:17  Spawning Pool  
  16  1:19  Drone  
  17  1:26  Drone  
  18  1:33  Drone  
  19  1:40  Overlord  
  19  2:04  Metabolic Boost  
  19  2:05  Queen  
  19  2:06  Zergling x4  
  23  2:11  Queen  
  23  2:15  Drone  
  26  2:21  Drone  
  26  2:22  Drone  
  28  2:30  Baneling Nest  
  28  2:32  Drone  
  28  2:35  Drone  
  29  2:40  Drone  
  30  2:47  Queen  
  32  2:51  Drone  
  32  2:57  Overlord  
  33  3:00  Drone  
  33  3:02  Zergling x2  
  34  3:12  Zergling x2  
  35  3:15  Baneling x2  
  35  3:16  Zergling x4  
  37  3:20  Overlord  
  37  3:22  Zergling x4  
  39  3:36  Baneling x2  
  39  3:38  Zergling x6  
  39  3:39  Drone  
  39  3:40  Drone  
  44  3:45  Drone  
  45  3:51  Drone  
  45  3:52  Roach Warren  
  45  3:54  Burrow  
  45  3:55  Drone  
  46  3:56  Extractor  
  46  3:57  Drone  
  46  4:11  Drone x3  
  46  4:14  Drone  
  46  4:15  Drone  
  50  4:47  Drone  
  50  4:49  Overlord  
  50  4:50  Extractor x2, Overlord  
  50  4:51  Pneumatized Carapace  
  49  4:59  Drone x3  
  52  5:05  Lair  
  52  5:14  Drone, Evolution Chamber  
  52  5:15  Drone, Evolution Chamber  
  52  5:16  Drone x5  
  52  5:17  Hatchery  
  52  5:18  Roach x2  
  52  5:19  Roach  
  62  5:26  Roach x2  
  66  5:34  Overlord  
  66  5:49  Zerg Ground Armor Level 1, Zerg Missile Weapons Level 1  
  66  5:50  Roach  
  66  5:56  Drone x2  
  66  5:57  Drone  
  71  6:06  Overlord  
  69  6:15  Drone x3  
  69  6:16  Drone, Overlord  
  73  6:24  Drone x3  
  67  6:35  Queen  
  67  6:38  Drone x5  
  67  6:39  Drone  
  75  6:45  Overlord  
  75  6:46  Overlord  
  75  6:49  Drone  
  76  6:55  Drone x2  
  76  6:56  Spore Crawler  
  76  6:57  Spore Crawler  
  76  7:02  Glial Reconstitution  
  76  7:06  Drone  
  76  7:07  Drone x4  
  81  7:13  Drone  
  81  7:15  Hydralisk Den  
  81  7:20  Overlord  
  81  7:24  Drone x2  
  81  7:25  Extractor x2  
  81  7:43  Drone  
  81  7:44  Drone x2  
  84  7:45  Drone x3  
  84  7:46  Roach x5  
  84  7:49  Ravager x2  
  99  8:00  Hydralisk x4  
  107  8:08  Muscular Augments  
  107  8:20  Overlord  
  107  8:22  Overlord x2  
  107  8:34  Spire  
  107  8:41  Drone  
  107  8:42  Zerg Ground Armor Level 2, Zerg Missile Weapons Level 2  
  109  8:48  Roach x3  
  109  8:49  Roach x6  
  109  8:50  Hatchery  
  109  8:52  Extractor  
  123  9:02  Roach x2, Hydralisk  
  129  9:03  Overlord x2  
  129  9:06  Overlord  
  129  9:17  Spine Crawler  
  129  9:18  Spine Crawler x2  
  129  9:19  Spine Crawler  
  129  9:21  Roach, Hydralisk x2  
  129  9:22  Roach x3, Hydralisk  
  129  9:23  Roach  
  141  9:32  Overseer  
  141  9:34  Overseer  
  141  9:35  Hydralisk  
  141  9:36  Roach x2  
  147  9:45  Ravager x6  
  147  10:11  Hydralisk  
  147  10:12  Roach x3, Hydralisk x2  
  158  10:23  Overlord x2  
  158  10:36  Grooved Spines  
  158  10:40  Ravager, Overlord  
  158  10:41  Queen  
  139  11:03  Hydralisk  
  139  11:04  Roach x2, Hydralisk  
  130  11:18  Drone x3, Extractor  
  126  11:22  Roach x2, Hydralisk x5  
  126  11:23  Roach, Hydralisk x5  
  151  11:32  Zerg Flyer Weapons Level 1  
  151  11:39  Overseer  
  151  11:40  Overseer  
  151  11:52  Drone x4  
  151  11:53  Overlord  
  155  12:04  Overlord x3  
  155  12:20  Drone  
  155  12:21  Infestation Pit  
  155  12:28  Drone x5  
  155  12:29  Drone  
  161  12:32  Hatchery  
  160  12:43  Mutalisk x6  
  160  12:44  Mutalisk x8  
  134  14:05  Roach x2, Hydralisk x2  
  134  14:06  Roach x2  
  109  14:32  Roach x6, Hydralisk x4  
  109  14:33  Roach x5, Hydralisk x5  
  109  14:34  Roach x4  
  157  15:04  Overlord  
  157  15:10  Queen  
  159  15:15  Mutalisk x7  
  159  15:16  Mutalisk  
  159  15:17  Roach x8  
  159  15:18  Roach  
  193  16:10  Overlord  
  175  16:37  Lurker Den  
  172  17:00  Roach  
  172  17:01  Roach x6  
  186  17:10  Overlord x3  
Show
View Real Time Build Order
Export as new Build Order

Ardox Zerg 

Build Orders: Hatch First, Lurkers 

Get SALT Encoding   

  12  0:01  Drone  
  13  0:13  Overlord  
  13  0:18  Drone  
  14  0:31  Drone x2  
  14  0:35  Drone  
  17  0:46  Drone  
  18  0:56  Hatchery  
  17  1:00  Drone  
  18  1:06  Extractor  
  17  1:15  Spawning Pool  
  16  1:18  Drone  
  16  1:22  Drone  
  18  1:29  Drone  
  19  1:39  Overlord  
  19  2:02  Queen  
  19  2:03  Zergling x4  
  19  2:08  Queen  
  23  2:09  Metabolic Boost  
  23  2:11  Zergling x2  
  23  2:13  Drone  
  27  2:19  Drone  
  28  2:24  Drone  
  29  2:31  Drone  
  29  2:34  Drone  
  31  2:42  Baneling Nest  
  30  2:45  Zergling x2  
  30  2:49  Zergling x2  
  32  2:58  Zergling x2  
  33  3:06  Zergling x2  
  34  3:13  Pneumatized Carapace  
  34  3:14  Drone x2  
  34  3:16  Overlord x2  
  36  3:30  Evolution Chamber  
  36  3:33  Drone  
  36  3:45  Drone x3  
  36  3:47  Roach Warren  
  38  3:50  Drone x2  
  38  3:51  Extractor  
  39  3:55  Queen  
  41  4:04  Drone  
  41  4:05  Drone x2  
  44  4:18  Evolution Chamber  
  44  4:22  Lair  
  44  4:24  Drone x3  
  46  4:32  Hatchery  
  45  4:39  Drone  
  45  4:40  Drone x4  
  45  4:42  Extractor  
  45  4:44  Extractor  
  47  4:56  Roach x2  
  47  4:57  Overlord  
  51  5:02  Overlord x2  
  51  5:08  Drone  
  52  5:15  Overlord  
  52  5:16  Overlord  
  52  5:18  Baneling x4  
  52  5:19  Baneling x2  
  52  5:28  Drone, Hydralisk Den  
  52  5:29  Drone  
  52  5:30  Drone  
  52  5:31  Drone  
  55  5:42  Roach x3  
  61  5:45  Roach  
  61  5:49  Roach  
  65  5:56  Drone x2  
  67  5:58  Queen  
  67  5:59  Drone  
  69  6:25  Roach x4  
  75  6:28  Roach x3  
  81  6:34  Lurker Den  
  80  6:48  Roach x3  
  80  6:51  Zerg Ground Armor Level 1, Zerg Missile Weapons Level 1  
  80  6:53  Ravager x4  
  90  6:56  Zergling x6  
  90  6:57  Zergling x4  
  90  6:59  Drone  
  96  7:04  Glial Reconstitution  
  96  7:15  Hatchery  
  95  7:43  Hydralisk  
  95  7:45  Overlord x3  
  95  7:48  Drone  
  98  7:54  Extractor  
  98  7:55  Drone x2, Extractor  
  98  8:15  Overseer  
  98  8:18  Hydralisk x6  
  110  8:21  Hydralisk x3  
  110  8:22  Hydralisk  
  118  8:33  Drone x4  
  118  8:34  Drone x2  
  124  8:38  Infestation Pit  
  123  8:49  Lurker x5  
  128  8:57  Overlord x2  
  128  9:15  Queen  
  130  9:31  Hydralisk x4, Muscular Augments  
  130  9:32  Hydralisk x3  
  144  9:40  Overlord x2  
  124  10:03  Roach  
  124  10:04  Roach x7  
  120  10:26  Lurker x2  
  120  10:27  Lurker x3  
  117  10:32  Roach x3  
  117  10:33  Roach x4  
  107  10:38  Overseer x2  
  94  11:03  Roach x9  
  100  11:25  Zerg Ground Armor Level 2  
  100  11:27  Hatchery, Zerg Missile Weapons Level 2  
  100  11:32  Lurker  
  100  11:39  Drone  
  102  11:40  Drone  
  102  11:52  Unknown x2  
  102  11:53  Hatchery  
  101  11:59  Hive  
  101  12:01  Drone x2  
  101  12:02  Drone  
  101  12:05  Hydralisk  
  101  12:06  Hydralisk  
  108  12:21  Hydralisk  
  108  12:22  Hydralisk x3  
  114  12:24  Hydralisk  
  118  12:32  Hydralisk x2  
  122  12:40  Drone  
  122  12:43  Hydralisk x3  
  129  12:57  Lurker x2  
  129  12:58  Lurker x5  
  136  13:05  Drone x2  
  138  13:09  Overlord  
  138  13:11  Drone x3  
  138  13:12  Drone  
  142  13:21  Zergling x2  
  142  13:22  Zergling x2  
  142  13:25  Spire  
  142  13:26  Adaptive Talons  
  143  13:32  Roach  
  143  13:33  Roach x2  
  149  13:43  Roach x3  
  149  13:44  Roach  
  133  13:58  Hydralisk  
  133  13:59  Hydralisk x5  
  122  14:09  Hydralisk  
  100  14:10  Hydralisk x2  
  88  14:32  Hydralisk x4  
  88  14:36  Hydralisk x3  
  102  14:50  Hydralisk x3  
  108  14:54  Hydralisk x2  
  112  15:10  Lurker x6  
  112  15:11  Lurker  
  119  15:19  Queen  
  121  15:21  Drone x2  
  121  15:22  Drone  
  124  15:35  Hydralisk x2  
  127  15:43  Extractor  
  127  15:44  Extractor  
  127  15:46  Queen  
  125  16:03  Drone x3  
  128  16:14  Hatchery  
  116  16:36  Roach  
  116  16:37  Roach x2  
  116  16:38  Overlord x3  
  122  16:45  Hydralisk  
  122  16:47  Overlord x4  
Tags
 
Composition
Lurkers
Matchup
ZvZ
Race
Zerg
Replay Pack
2017S4
Spawn Locations
Cross Positions
Add a new tag
Caveats
  • Supply blocks, unpowered buildings, or Contaminate may cause inaccurate times.
  • Supply counts are checked every 10 seconds.